| TOP OF THE 1ST |
|
Hillsboro Hops batting - Pitching for Auburn Doubledays : RHP Sentos Alatas
|
|
Pitching: RHP Sentos Alatas
|
|
|
Batting: RHB Yutaka Oki
|
0-0: Called Strike 0-1: Foul Ball, location: 2F 0-2: Foul Ball, location: 2F 0-2: Strikes out swinging
|
|
Batting: RHB Daniel Rivera
|
0-0: Called Strike 0-1: Called Strike 0-2: Ball 1-2: Foul Ball, location: 2F 1-2: Strikes out looking
|
|
Batting: RHB Terry Jarrells
|
0-0: Fly out, F8 (Line Drive, 8RM, EV 93.8 MPH)
|
| Top of the 1st over - 0 runs, 0 hits, 0 errors, 0 left on base; Hillsboro 0 - Auburn 0 |
| BOTTOM OF THE 1ST |
|
Auburn Doubledays batting - Pitching for Hillsboro Hops : RHP Jordan Rondon
|
|
Pitching: RHP Jordan Rondon
|
|
|
Batting: RHB Leo Gutierrez
|
0-0: Ball 1-0: Swinging Strike 1-1: Called Strike 1-2: Strikes out swinging
|
|
Batting: LHB Yasuo Igarashi
|
0-0: Called Strike 0-1: Foul Ball, location: 2F 0-2: Strikes out looking
|
|
Batting: LHB John Holst
|
0-0: Ball 1-0: Ball 2-0: Swinging Strike 2-1: Ball 3-1: Base on Balls
|
|
Batting: RHB Er Le
|
0-0: Ball 1-0: Ball 2-0: Ball 3-0: Called Strike 3-1: Foul Ball, location: 2F 3-2: Base on Balls John Holst to second
|
|
Batting: RHB Steve Bauman
|
0-0: Ball 1-0: SINGLE (Groundball, 34D, EV 104.4 MPH) John Holst to third Er Le to second Runner from 3rd tries for Home, SAFE, throw by RF to home
|
|
Batting: LHB Elias Posada
|
0-0: Foul Ball, location: 2F 0-1: Swinging Strike 0-2: Strikes out swinging
|
| Bottom of the 1st over - 1 run, 1 hit, 0 errors, 2 left on base; Hillsboro 0 - Auburn 1 |
| TOP OF THE 2ND |
|
Hillsboro Hops batting - Pitching for Auburn Doubledays : RHP Sentos Alatas
|
|
Batting: RHB Tim Borden
|
0-0: Called Strike 0-1: Foul Ball, location: 2F 0-2: Ball 1-2: Strikes out looking
|
|
Batting: RHB Jonathan Underhill
|
0-0: Called Strike 0-1: Ground out 6-3 (Groundball, 6, EV 87.5 MPH)
|
|
Batting: RHB Cesar Rendon
|
0-0: Called Strike 0-1: Foul Ball, location: 2F 0-2: Ball 1-2: Ball 2-2: Fly out, F4 (Flyball, 34D, EV 86.2 MPH)
|
| Top of the 2nd over - 0 runs, 0 hits, 0 errors, 0 left on base; Hillsboro 0 - Auburn 1 |
| BOTTOM OF THE 2ND |
|
Auburn Doubledays batting - Pitching for Hillsboro Hops : RHP Jordan Rondon
|
|
Batting: RHB Jessie Fisher
|
0-0: Called Strike 0-1: Swinging Strike 0-2: Strikes out looking
|
|
Batting: RHB John Gibbs
|
0-0: Ball 1-0: Foul Ball, location: 2F 1-1: Foul Ball, location: 2F 1-2: Ball 2-2: Strikes out swinging
|
|
Batting: LHB Jim Weidman
|
0-0: Swinging Strike 0-1: Foul Ball, location: 2F 0-2: Hit by Pitch
|
|
Batting: RHB Leo Gutierrez
|
0-0: Called Strike 0-1: Ball 1-1: Swinging Strike 1-2: Ball 2-2: Foul Ball, location: 2F 2-2: Ball 3-2: Strikes out swinging
|
| Bottom of the 2nd over - 0 runs, 0 hits, 0 errors, 1 left on base; Hillsboro 0 - Auburn 1 |
| TOP OF THE 3RD |
|
Hillsboro Hops batting - Pitching for Auburn Doubledays : RHP Sentos Alatas
|
|
Batting: RHB Sean Tanner
|
0-0: Ball 1-0: Foul Ball, location: 2F 1-1: Called Strike 1-2: Strikes out swinging
|
|
Batting: RHB Chris McGrath
|
0-0: DOUBLE (Line Drive, 7LD, EV 108.1 MPH)
|
|
Batting: LHB Josh Kirk
|
0-0: Called Strike 0-1: Ball 1-1: Ball 2-1: Ball 3-1: Foul Ball, location: 2F 3-2: Base on Balls
|
|
Batting: RHB Yutaka Oki
|
0-0: Called Strike 0-1: Ball 1-1: Ball 2-1: SINGLE (Line Drive, 7S, EV 107.5 MPH) Chris McGrath to third Josh Kirk to second Runner from 3rd tries for Home, SAFE, throw by LF to home
|
|
Batting: RHB Daniel Rivera
|
0-0: Swinging Strike 0-1: Ball 1-1: Foul Ball, location: 2F 1-2: Foul Ball, location: 2F 1-2: Strikes out swinging
|
|
Batting: RHB Terry Jarrells
|
0-0: Called Strike 0-1: Swinging Strike 0-2: Ball Wild Pitch! Josh Kirk to third Yutaka Oki to second 1-2: 3-RUN HOME RUN (Flyball, 7D, EV 102.5 MPH), Distance : 386 ft
|
|
Batting: RHB Tim Borden
|
0-0: Foul Ball, location: 2F 0-1: Foul Ball, location: 2F 0-2: Strikes out swinging
|
| Top of the 3rd over - 4 runs, 3 hits, 0 errors, 0 left on base; Hillsboro 4 - Auburn 1 |
| BOTTOM OF THE 3RD |
|
Auburn Doubledays batting - Pitching for Hillsboro Hops : RHP Jordan Rondon
|
|
Batting: LHB Yasuo Igarashi
|
0-0: Ball 1-0: Ball 2-0: SINGLE (Flyball, 7S, EV 91.9 MPH)
|
|
Batting: LHB John Holst
|
0-0: Ball 1-0: Called Strike 1-1: Called Strike 1-2: Ball 2-2: Ball 3-2: Foul Ball, location: 2F 3-2: Strikes out swinging
|
|
Batting: RHB Er Le
|
0-0: Called Strike 0-1: Ball 1-1: Foul Ball, location: 2F 1-2: Ball 2-2: Strikes out swinging
|
|
Batting: RHB Steve Bauman
|
0-0: Foul Ball, location: 2F 0-1: Ball 1-1: Ball 2-1: Foul Ball, location: 2F 2-2: Fly out, F7 (Flyball, 78S, EV 85.6 MPH)
|
| Bottom of the 3rd over - 0 runs, 1 hit, 0 errors, 1 left on base; Hillsboro 4 - Auburn 1 |
| TOP OF THE 4TH |
|
Hillsboro Hops batting - Pitching for Auburn Doubledays : RHP Sentos Alatas
|
|
Batting: RHB Jonathan Underhill
|
0-0: Ball 1-0: Called Strike 1-1: SINGLE (Groundball, 6, EV 94.4 MPH)
|
|
Batting: RHB Cesar Rendon
|
0-0: Called Strike Jonathan Underhill steals 2nd, throwing error, E2 Jonathan Underhill to third 0-1: SINGLE (Line Drive, 8RS, EV 88.8 MPH) Jonathan Underhill scores
|
|
Batting: RHB Sean Tanner
|
0-0: Called Strike 0-1: Ball 1-1: Swinging Strike 1-2: Hit by Pitch Cesar Rendon to second
|
|
Batting: RHB Chris McGrath
|
0-0: Ball 1-0: SINGLE (Groundball, 56D, EV 100.6 MPH) Cesar Rendon to third Sean Tanner to second
|
|
Batting: LHB Josh Kirk
|
0-0: Ball 1-0: Ball 2-0: Called Strike 2-1: Fly out, F8 (Flyball, 8RD, EV 93.1 MPH)
|
|
Batting: RHB Yutaka Oki
|
0-0: Foul Ball, location: 2F 0-1: Called Strike 0-2: Ball Wild Pitch! Cesar Rendon scores Sean Tanner to third Chris McGrath to second Balk! Sean Tanner scores Chris McGrath to third 1-2: Foul Ball, location: 2F 1-2: Ball 2-2: Ball Wild Pitch! Chris McGrath scores 3-2: Base on Balls
|
|
Pitching: RHP Tim Schultz
|
|
|
Batting: RHB Daniel Rivera
|
0-0: Ball Yutaka Oki steals 2nd, throwing error, E2 Yutaka Oki to third 1-0: Ball 2-0: Foul Ball, location: 2F 2-1: Reached on error, E8 (Flyball, 8RD, EV 105.0 MPH) Yutaka Oki scores
|
|
Batting: RHB Terry Jarrells
|
0-0: Called Strike 0-1: Foul Ball, location: 2F 0-2: Foul Ball, location: 2F 0-2: Ball 1-2: Strikes out looking
|
|
Batting: RHB Tim Borden
|
0-0: Ball 1-0: DOUBLE (Line Drive, 7LS, EV 101.2 MPH) Daniel Rivera to third
|
|
Batting: RHB Jonathan Underhill
|
0-0: Called Strike 0-1: Ball 1-1: Called Strike 1-2: Ball 2-2: Foul Ball, location: 2F 2-2: Ball 3-2: Base on Balls
|
|
Batting: RHB Cesar Rendon
|
0-0: Ball 1-0: Foul Ball, location: 2F 1-1: Swinging Strike 1-2: Strikes out looking
|
| Top of the 4th over - 5 runs, 4 hits, 3 errors, 3 left on base; Hillsboro 9 - Auburn 1 |
| BOTTOM OF THE 4TH |
|
Auburn Doubledays batting - Pitching for Hillsboro Hops : RHP Jordan Rondon
|
|
Batting: LHB Elias Posada
|
0-0: Ground out U3 (Groundball, 34, EV 86.9 MPH)
|
|
Batting: RHB Jessie Fisher
|
0-0: Swinging Strike 0-1: Ball 1-1: Swinging Strike 1-2: Strikes out swinging
|
|
Batting: RHB John Gibbs
|
0-0: Foul Ball, location: 2F 0-1: Ball 1-1: Ball 2-1: SOLO HOME RUN (Flyball, 78XD, EV 110.0 MPH), Distance : 431 ft
|
|
Batting: LHB Jim Weidman
|
0-0: Ball 1-0: Ball 2-0: Foul Ball, location: 2F 2-1: Called Strike 2-2: Foul Ball, location: 2F 2-2: Ground out 2-3 (Groundball, 2L, EV 68.8 MPH)
|
| Bottom of the 4th over - 1 run, 1 hit, 0 errors, 0 left on base; Hillsboro 9 - Auburn 2 |
| TOP OF THE 5TH |
|
Hillsboro Hops batting - Pitching for Auburn Doubledays : RHP Tim Schultz
|
|
Batting: RHB Sean Tanner
|
0-0: Swinging Strike 0-1: Ball 1-1: Swinging Strike 1-2: Ball 2-2: Ball 3-2: Foul Ball, location: 2F 3-2: Strikes out swinging
|
|
Batting: RHB Chris McGrath
|
0-0: Ball 1-0: Ball 2-0: Called Strike 2-1: Foul Ball, location: 2F 2-2: Strikes out swinging
|
|
Batting: LHB Josh Kirk
|
0-0: Called Strike 0-1: Fly out, F8 (Line Drive, 8LM, EV 90.0 MPH)
|
| Top of the 5th over - 0 runs, 0 hits, 0 errors, 0 left on base; Hillsboro 9 - Auburn 2 |
| BOTTOM OF THE 5TH |
|
Auburn Doubledays batting - Pitching for Hillsboro Hops : RHP Jordan Rondon
|
|
Batting: RHB Leo Gutierrez
|
0-0: SINGLE (Line Drive, 89S, EV 108.8 MPH)
|
|
Batting: LHB Yasuo Igarashi
|
0-0: Ball Leo Gutierrez steals 2nd, throwing error, E2 Leo Gutierrez to third 1-0: Ball 2-0: Ball 3-0: Called Strike 3-1: DOUBLE (Line Drive, 3D, EV 99.4 MPH) Leo Gutierrez scores
|
|
Batting: LHB John Holst
|
0-0: Foul Ball, location: 2F 0-1: Called Strike 0-2: Foul Ball, location: 2F 0-2: Ball 1-2: Ball 2-2: Fly out, F8 (Flyball, 8RS, EV 81.2 MPH)
|
|
Batting: RHB Er Le
|
0-0: Reaches on Catchers interference
|
|
Batting: RHB Steve Bauman
|
0-0: Ball 1-0: Called Strike 1-1: Called Strike 1-2: Ball 2-2: Foul Ball, location: 2F 2-2: Foul Ball, location: 2F 2-2: SINGLE (Groundball, 56D, EV 99.4 MPH) Yasuo Igarashi to third Er Le to second
|
|
Batting: LHB Elias Posada
|
0-0: Ball 1-0: Swinging Strike 1-1: Ball 2-1: Called Strike 2-2: Fielders Choice at 2nd, 4-6 (Groundball, 34, EV 103.1 MPH) Yasuo Igarashi scores Er Le to third
|
|
Batting: RHB Jessie Fisher
|
0-0: Ball 1-0: Fielders Choice at 2nd, U6 (Groundball, 4MD, EV 88.8 MPH)
|
| Bottom of the 5th over - 2 runs, 3 hits, 2 errors, 2 left on base; Hillsboro 9 - Auburn 4 |
| TOP OF THE 6TH |
|
Hillsboro Hops batting - Pitching for Auburn Doubledays : RHP Tim Schultz
|
|
Batting: RHB Yutaka Oki
|
0-0: Called Strike 0-1: Called Strike 0-2: Ball 1-2: Strikes out swinging
|
|
Batting: RHB Daniel Rivera
|
0-0: Ball 1-0: Fly out, F8 (Line Drive, 8RM, EV 88.1 MPH)
|
|
Batting: RHB Terry Jarrells
|
0-0: Ball 1-0: Called Strike 1-1: Ball 2-1: SINGLE (Line Drive, 4D, EV 96.2 MPH)
|
|
Pitching: RHP John Kovach
|
|
|
Batting: RHB Tim Borden
|
0-0: Fly out, F8 (Flyball, 89M, EV 91.2 MPH)
|
| Top of the 6th over - 0 runs, 1 hit, 0 errors, 1 left on base; Hillsboro 9 - Auburn 4 |
| BOTTOM OF THE 6TH |
|
Auburn Doubledays batting - Pitching for Hillsboro Hops : RHP Jordan Rondon
|
|
Batting: RHB John Gibbs
|
0-0: Ball 1-0: Ball 2-0: Called Strike 2-1: Ball 3-1: Swinging Strike 3-2: DOUBLE (Flyball, 89D, EV 93.1 MPH)
|
|
Pitching: RHP Jake Priest
|
|
|
Batting: LHB Jim Weidman
|
0-0: Foul Ball, location: 2F 0-1: Swinging Strike 0-2: Strikes out swinging
|
|
Batting: RHB Leo Gutierrez
|
0-0: Ball 1-0: Ball 2-0: SINGLE (Groundball, 6MD, EV 95.6 MPH) John Gibbs to third
|
|
Batting: LHB Yasuo Igarashi
|
0-0: Ball 1-0: Called Strike Leo Gutierrez steals 2nd base 1-1: Called Strike 1-2: Ground out 4-3 (Groundball, 34D, EV 86.9 MPH) John Gibbs scores Leo Gutierrez to third
|
|
Batting: LHB John Holst
|
0-0: Called Strike 0-1: Ball 1-1: Swinging Strike 1-2: Foul Ball, location: 2F 1-2: Ball 2-2: Ball 3-2: Strikes out looking
|
| Bottom of the 6th over - 1 run, 2 hits, 0 errors, 1 left on base; Hillsboro 9 - Auburn 5 |
| TOP OF THE 7TH |
|
Hillsboro Hops batting - Pitching for Auburn Doubledays : RHP John Kovach
|
|
Batting: RHB Jonathan Underhill
|
0-0: Swinging Strike 0-1: Called Strike 0-2: Ball 1-2: Strikes out swinging
|
|
Batting: RHB Cesar Rendon
|
0-0: Ball 1-0: Foul Ball, location: 2F 1-1: Swinging Strike 1-2: Strikes out looking
|
|
Batting: RHB Sean Tanner
|
0-0: Called Strike 0-1: Called Strike 0-2: Strikes out looking
|
| Top of the 7th over - 0 runs, 0 hits, 0 errors, 0 left on base; Hillsboro 9 - Auburn 5 |
| BOTTOM OF THE 7TH |
|
Auburn Doubledays batting - Pitching for Hillsboro Hops : RHP Jake Priest
|
|
Batting: RHB Er Le
|
0-0: Ball 1-0: Swinging Strike 1-1: Foul Ball, location: 2F 1-2: Foul Ball, location: 2F 1-2: Ball 2-2: Foul Ball, location: 2F 2-2: Foul Ball, location: 2F 2-2: Foul Ball, location: 2F 2-2: Ball 3-2: Foul Ball, location: 2F 3-2: SINGLE (Line Drive, 6D, EV 98.1 MPH)
|
|
Batting: RHB Steve Bauman
|
0-0: Ball 1-0: Ball 2-0: Ball 3-0: Base on Balls Er Le to second
|
|
Batting: LHB Elias Posada
|
0-0: Ball 1-0: Called Strike 1-1: SINGLE (Groundball, 34S, EV 63.1 MPH) (infield hit) Er Le to third Steve Bauman to second
|
|
Pitching: RHP Dan Thompson
|
|
|
Pinch Hitting: LHB Vince McLane
|
0-0: Called Strike 0-1: Swinging Strike 0-2: Ball 1-2: Ball 2-2: Strikes out looking
|
|
Batting: RHB John Gibbs
|
0-0: Hit by Pitch Er Le scores Steve Bauman to third Elias Posada to second
|
|
Batting: LHB Jim Weidman
|
0-0: Grounds into fielders choice 3-2 (Groundball, 23, EV 90.6 MPH) Elias Posada to third John Gibbs to second
|
|
Batting: RHB Leo Gutierrez
|
0-0: Ball 1-0: Ball 2-0: Ground out 4-3 (Groundball, 34D, EV 102.5 MPH)
|
| Bottom of the 7th over - 1 run, 2 hits, 0 errors, 3 left on base; Hillsboro 9 - Auburn 6 |
| TOP OF THE 8TH |
|
Hillsboro Hops batting - Pitching for Auburn Doubledays : RHP John Kovach
|
|
Now at 1B: Leo Gutierrez
|
|
|
Now in CF: Travis Stanley
|
|
|
Batting: RHB Chris McGrath
|
0-0: Ball 1-0: Ground out 1-3 (Groundball, 13S, EV 70.0 MPH)
|
|
Batting: LHB Josh Kirk
|
0-0: Swinging Strike 0-1: Swinging Strike 0-2: Foul Ball, location: 2F 0-2: Foul Ball, location: 2F 0-2: Strikes out swinging
|
|
Batting: RHB Yutaka Oki
|
0-0: Foul Ball, location: 2F 0-1: Foul Ball, location: 2F 0-2: Strikes out swinging
|
| Top of the 8th over - 0 runs, 0 hits, 0 errors, 0 left on base; Hillsboro 9 - Auburn 6 |
| BOTTOM OF THE 8TH |
|
Auburn Doubledays batting - Pitching for Hillsboro Hops : RHP Dan Thompson
|
|
Batting: LHB Yasuo Igarashi
|
0-0: Ball 1-0: DOUBLE (Line Drive, 89M, EV 107.5 MPH)
|
|
Batting: LHB John Holst
|
0-0: Fly out, F8 (Flyball, 78D, EV 89.4 MPH)
|
|
Batting: RHB Er Le
|
0-0: Fly out, F7 (Flyball, 7S, EV 83.8 MPH)
|
|
Batting: RHB Steve Bauman
|
0-0: Ball 1-0: Foul Ball, location: 2F 1-1: SINGLE (Line Drive, 9S, EV 108.1 MPH) Yasuo Igarashi to third Runner from 3rd tries for Home, SAFE, throw by RF to home
|
|
Batting: LHB Elias Posada
|
0-0: Called Strike 0-1: Swinging Strike 0-2: Ball 1-2: Ball 2-2: SINGLE (Line Drive, 89S, EV 109.4 MPH) Steve Bauman to second
|
|
Batting: RHB Travis Stanley
|
0-0: Ball 1-0: Ball 2-0: Fly out, F7 (Flyball, 7S, EV 81.9 MPH)
|
| Bottom of the 8th over - 1 run, 3 hits, 0 errors, 2 left on base; Hillsboro 9 - Auburn 7 |
| TOP OF THE 9TH |
|
Hillsboro Hops batting - Pitching for Auburn Doubledays : RHP John Kovach
|
|
Batting: RHB Daniel Rivera
|
0-0: Called Strike 0-1: Called Strike 0-2: Ground out 5-3 (Groundball, 5D, EV 83.8 MPH)
|
|
Batting: RHB Terry Jarrells
|
0-0: Foul Ball, location: 2F 0-1: Ball 1-1: Swinging Strike 1-2: Ball 2-2: Ball 3-2: Strikes out swinging, 2-3 out at first.
|
|
Batting: RHB Tim Borden
|
0-0: Fly out, F8 (Flyball, 8LS, EV 89.4 MPH)
|
| Top of the 9th over - 0 runs, 0 hits, 0 errors, 0 left on base; Hillsboro 9 - Auburn 7 |
| BOTTOM OF THE 9TH |
|
Auburn Doubledays batting - Pitching for Hillsboro Hops : RHP Dan Thompson
|
|
Pitching: RHP John Meyer
|
|
|
Now at 1B: Antonio Luisa
|
|
|
Batting: RHB John Gibbs
|
0-0: Ball 1-0: Foul Ball, location: 2F 1-1: Swinging Strike 1-2: SINGLE (Groundball, 4MD, EV 96.9 MPH)
|
|
Batting: LHB Jim Weidman
|
0-0: Ball 1-0: Swinging Strike 1-1: Fielders Choice at 2nd, 4-6 (Groundball, 4, EV 87.5 MPH)
|
|
Batting: RHB Leo Gutierrez
|
0-0: Ball 1-0: Ball 2-0: Fly out, F8 (Line Drive, 8RM, EV 106.2 MPH)
|
|
Batting: LHB Yasuo Igarashi
|
0-0: Called Strike 0-1: Called Strike 0-2: DOUBLE (Line Drive, 5D, EV 95.6 MPH) Jim Weidman to third
|
|
Batting: LHB John Holst
|
0-0: Swinging Strike 0-1: Foul Ball, location: 2F 0-2: Ball 1-2: Ground out 5-3 (Groundball, 56, EV 81.2 MPH)
|
| Bottom of the 9th over - 0 runs, 2 hits, 0 errors, 2 left on base; Hillsboro 9 - Auburn 7 |
|